 Dungeon Crawl Stone Soup version 0.26.1 (webtiles) character file.

Game seed: 12214239864318600421

5129 soggyman666 the Reanimator (level 10, -17/81 HPs)
             Began as a Deep Dwarf Necromancer on Feb 4, 2021.
             Was an Initiate of Gozag.
             Demolished by a death yak (19 damage)
             ... on level 10 of the Dungeon on Feb 5, 2021.
             The game lasted 01:03:12 (12572 turns).

soggyman666 the Reanimator (DDNe)                  Turns: 12572, Time: 01:03:13

Health: -17/81     AC:  6    Str: 11    XL:     10   Next: 33%
Magic:  20/20      EV: 15    Int: 18    God:    Gozag
Gold:   904        SH:  5    Dex: 17    Spells: 11/24 levels left

rFire    . . .     SeeInvis .   n - +11 falchion "Enlotagaiwn" {vamp, rN+ Dex+2}
rCold    . . .     Faith    .   (no shield)
rNeg     + + +     Spirit   .   b - +0 leather armour
rPois    .         Reflect  +   (no helmet)
rElec    .         Harm     .   i - +2 cloak of Fun and Games {rN+++}
rCorr    +         Rampage  .   (no gloves)
Will     +....                  (no boots)
Stlth    ++........             l - amulet of reflection
HPRegen  0.00/turn              d - ring of resist corrosion
MPRegen  0.17/turn              (no ring)

@: gold aura, non-regenerating
A: damage resistance, heal wounds, sense surroundings 2, no regeneration
a: Heal Wounds, Renounce Religion, Potion Petition, Call Merchant, Bribe Branch


You were on level 10 of the Dungeon.
You worshipped Gozag.
Gozag was pleased with you.
You visited 2 branches of the dungeon, and saw 11 of its levels.

You collected 989 gold pieces.
You paid 85 gold pieces to Gozag.

Inventory:

Hand Weapons
 h - a +0 war axe
 n - the +11 falchion "Enlotagaiwn" (weapon) {vamp, rN+ Dex+2}
   (You found it on level 9 of the Dungeon)

   It inflicts no extra harm, but heals its wielder when it wounds a living foe.
   It affects your dexterity (+2).
   It protects you from negative energy.
 p - a +2 battleaxe of flaming
 v - the +7 mace of Variability {chain chaos}
   (You found it on level 9 of the Dungeon)

   Each time it hits an enemy it has a different, random effect.
Armour
 b - a +0 leather armour (worn)
 i - the +2 cloak of Fun and Games (worn) {rN+++}
   (You found it on level 4 of the Dungeon)

   It renders you almost immune to negative energy.
Jewellery
 d - a ring of resist corrosion (left hand)
 l - an amulet of reflection (around neck)
Wands
 k - a wand of random effects (5)
 o - a wand of disintegration (1)
 s - a wand of polymorph (16)
Scrolls
 c - a scroll of fog
 f - 3 scrolls of blinking
 g - 3 scrolls of teleportation
 j - 3 scrolls of remove curse
 t - a scroll of vulnerability {unknown}
 u - a scroll of identify
Potions
 a - a potion of haste {unknown}
 e - 3 potions of heal wounds
 m - a potion of curing
 q - a potion of cancellation {unknown}


   Skills:
 + Level 2.6 Fighting
 * Level 1.2 Long Blades
 + Level 5.8 Axes
 + Level 3.3 Armour
 * Level 5.9 Dodging
 - Level 3.0 Stealth
 + Level 0.8 Unarmed Combat
 * Level 7.7 Spellcasting
 + Level 9.6 Necromancy
 + Level 4.3 Evocations


You had 11 spell levels left.
You knew the following spells:

 Your Spells              Type           Power        Failure   Level
a - Pain                  Necr           100%         1%          1
b - Vampiric Draining     Necr           20%          1%          3
c - Animate Dead          Necr           20%          2%          4
d - Agony                 Necr           41%          7%          5

Your spell library contained the following spells:

 Spells                   Type           Power        Failure   Level
 Animate Skeleton         Necr           82%          1%          1
 Apportation              Tloc           12%          13%         1
 Lesser Beckoning         Tloc           3%           36%         3
 Tukima's Dance           Hex            6%           36%         3
 Death Channel            Necr           20%          36%         6
 Borgnjor's Vile Clutch   Necr/Erth      12%          43%         5
 Simulacrum               Ice/Necr       12%          95%         6
 Alistair's Intoxication  Tmut/Pois      4%           98%         5
 Invisibility             Hex            6%           100%        6


Dungeon Overview and Level Annotations

Branches:
Dungeon (10/15)            Temple (1/1) D:4            Lair (0/6) D:9
    Orc: D:9-12

Altars:
Ashenzari
Cheibriados
Dithmenos
Elyvilon
Fedhas
Gozag
Hepliaklqana
Kikubaaqudgha
Makhleb
Nemelex Xobeh
Okawaru
Qazlal
Ru
Sif Muna
Trog
Uskayaw
Vehumet
Wu Jian
Xom
Yredelemnul
Zin
The Shining One


Innate Abilities, Weirdness & Mutations

You are resistant to damage.
You can heal yourself by infusing magical energy.
You passively map the area around you.
You do not regenerate.


Message History

There is a stone staircase leading up here.
The helpless orc fails to defend itself.
You slash the orc!
You feel better.
You kill the orc!
The death yak gores you!! The death yak gores you!
* * * LOW HITPOINT WARNING * * *
The death yak closely misses you. The death yak gores you!
* * * LOW HITPOINT WARNING * * *
Things that are here:
5 gold pieces; a +0 dagger You slash the death yak!
You feel better.
The death yak is lightly wounded.
The death yak completely misses you.
You riposte.
You slash the death yak!
You feel better.
The death yak is lightly wounded.
The death yak gores you!!
* * * LOW HITPOINT WARNING * * *
The death yak gores you!!
You die...
Your body crumbles into a pile of gold.

########
#......#
#.Y....#
#.@<...#
#..Y.<.#
#......#
#......#
##+#####
* * $ *
*


You could see 2 death yaks.

Vanquished Creatures
  Prince Ribbit (D:5)
  3 chaos spawn (D:9)
  A black bear (D:7)
  2 ice beasts
  3 sky beasts
  2 phantoms
  An orc warrior (D:6)
  An eye of draining (D:8)
  A necrophage (D:8)
  3 ogres
  4 centaurs
  Blork the orc (D:5)
  4 bullfrogs
  3 scorpions
  11 killer bees
  3 jellies
  11 wights
  A centaur zombie (D:5)
  A bullfrog zombie (D:7)
  3 centaur skeletons
  6 hounds
  5 orc priests
  7 orc wizards
  2 iguanas
  2 bullfrog skeletons
  Terence (D:2)
  9 worker ants
  A hound skeleton (D:8)
  A worker ant zombie (D:7)
  A howler monkey zombie (D:7)
  4 gnolls (D:6)
  17 adders
  A river rat (D:5)
  2 shadow imps (D:9)
  2 white imps
  An ufetubus (D:5)
  2 adder zombies (D:6)
  2 adder skeletons
  7 worms
  3 dart slugs
  7 leopard geckos
  35 orcs
  8 giant cockroaches
  5 goblins
  6 hobgoblins
  16 jackals
  8 kobolds
  9 quokkas
  2 ball pythons
  8 bats
  A giant cockroach zombie (D:5)
  A jackal skeleton (D:6)
  2 leopard gecko zombies
  3 quokka skeletons
  4 rats
251 creatures vanquished.

Vanquished Creatures (collateral kills)
  A hound skeleton (D:5)
  An adder skeleton (D:4)
  2 orcs
  A quokka (D:6)
  A giant cockroach zombie (D:5)
6 creatures vanquished.

Vanquished Creatures (others)
  6 plants (D:1)
  2 withered plants (D:3)
8 creatures vanquished.

Grand Total: 265 creatures vanquished

Notes
Turn   | Place    | Note
-------+----------+-------------------------------------------
     0 | D:1      | soggyman666 the Deep Dwarf Necromancer began the quest for
                  | the Orb.
     0 | D:1      | Reached XP level 1. HP: 15/15 MP: 3/3
   512 | D:1      | Reached XP level 2. HP: 22/22 MP: 1/4
   848 | D:1      | Reached skill level 5 in Necromancy
  1221 | D:2      | Reached XP level 3. HP: 26/28 MP: 1/5
  1283 | D:2      | Learned a level 3 spell: Vampiric Draining
  1446 | D:2      | Noticed Terence
  1453 | D:2      | Killed Terence
  1454 | D:2      | Reached XP level 4. HP: 36/36 MP: 0/7
  2273 | D:2      | Found a radiant altar of Vehumet.
  2507 | D:2      | Reached XP level 5. HP: 24/42 MP: 1/8
  2864 | D:2      | Found a broken altar of Ashenzari.
  3313 | D:3      | Found an ancient bone altar of Kikubaaqudgha.
  3330 | D:3      | Found a stormy altar of Qazlal.
  4009 | D:3      | Reached skill level 6 in Necromancy
  4279 | D:3      | Reached XP level 6. HP: 28/49 MP: 1/11
  5037 | D:4      | Found a staircase to the Ecumenical Temple.
  5054 | Temple   | Entered the Ecumenical Temple
  5452 | D:4      | Reached skill level 1 in Armour
  5533 | D:4      | Got an ichor-stained cloak
  5539 | D:4      | Identified the +2 cloak of Fun and Games {rN+++} (You found
                  | it on level 4 of the Dungeon)
  5618 | D:4      | Reached XP level 7. HP: 31/56 MP: 3/13
  5657 | D:4      | Reached skill level 1 in Axes
  5877 | D:4      | Reached skill level 7 in Necromancy
  5976 | D:4      | Learned a level 4 spell: Animate Dead
  6250 | D:4      | Found a hazy altar of Hepliaklqana.
  6340 | D:5      | Entered Level 5 of the Dungeon
  6406 | D:5      | Noticed Blork the orc
  6423 | D:5      | Killed Blork the orc
  6655 | D:5      | Reached skill level 5 in Spellcasting
  6699 | D:5      | Reached XP level 8. HP: 31/63 MP: 5/14
  6944 | D:5      | Reached skill level 1 in Evocations
  7037 | D:5      | Noticed Prince Ribbit
  7054 | D:5      | Killed Prince Ribbit
  7265 | D:5      | Reached skill level 8 in Necromancy
  8382 | D:6      | Reached skill level 1 in Fighting
  8527 | D:6      | Found a sacrificial altar of Ru.
  8916 | D:6      | Identified a scroll of acquirement
  8916 | D:6      | Acquired a book of Unlife
  9071 | D:6      | Gained mutation: You passively map the area around you.
                  | [Deep Dwarf growth]
  9071 | D:6      | Reached XP level 9. HP: 48/70 MP: 17/17
  9145 | D:6      | Found a snail-covered altar of Cheibriados.
  9148 | D:6      | Found a basalt altar of Yredelemnul.
  9193 | D:6      | Found an opulent altar of Gozag.
  9295 | D:6      | Became a worshipper of Gozag Ym Sagoz the Greedy
  9969 | D:7      | Found a shadowy altar of Dithmenos.
 10780 | D:8      | Found a burning altar of Makhleb.
 10792 | D:8      | Reached skill level 9 in Necromancy
 10797 | D:8      | Reached skill level 5 in Dodging
 11280 | D:8      | Learned a level 5 spell: Agony
 11595 | D:8      | Reached XP level 10. HP: 43/80 MP: 16/19
 11670 | D:8      | Reached skill level 5 in Axes
 11899 | D:9      | Got a dazzling falchion
 11900 | D:9      | Identified the +11 falchion "Enlotagaiwn" {vamp, rN+ Dex+2}
                  | (You found it on level 9 of the Dungeon)
 12031 | D:9      | Noticed a death yak
 12032 | D:9      | Noticed a death yak
 12032 | D:9      | Noticed a death yak
 12034 | D:9      | Noticed a death yak
 12034 | D:9      | Noticed a death yak
 12038 | D:9      | Noticed a death yak
 12315 | D:9      | Noticed a death yak
 12317 | D:9      | Noticed a death yak
 12321 | D:9      | Found a staircase to the Lair.
 12370 | D:9      | Reached skill level 1 in Long Blades
 12430 | D:9      | Found the +7 mace of Variability {chain chaos}
 12431 | D:9      | Found a shimmering altar of Xom.
 12569 | D:10     | Entered Level 10 of the Dungeon
 12572 | D:10     | HP: 2/81 [death yak (18)]
 12572 | D:10     | Demolished by a death yak

Illustrated notes

Levels and vault maps discovered:
D:1:      roderic_crop_circles_arrival_small, layout_basic, serial_curves,
          eino_curves_04, eino_curves_04, eino_curves_03, eino_curves_04,
          kennysheep_nondescript
D:2:      layout_basic, fiery_altar_vehumet, ashenzari_altar_1, uniq_terence
D:3:      layout_basic, kiku_gazebo_garden_becter, grunt_qazlal_clouds
D:4:      layout_loops_ring, nzn_hepliaklqana_mist_gate,
          minmay_temple_entry_butterflies
D:5:      layout_basic, cheibrodos_sewer_entry_sluice, uniq_prince_ribbit1,
          uniq_blork_the_orc
D:6:      layout_basic, nicolae_ru_awakened_eye, grunt_temple_overflow_diamond,
          minmay_misc_feat_room
D:7:      layout_cave_pods, nicolae_dithmenos_the_darkroom
D:8:      layout_loops_ring, minmay_misc_feat_rugged,
          makhleb_blood_cavern_becter
D:9:      layout_big_octagon, dpeg_lair_monsters,
          minmay_guarded_unrand_variability
D:10:     layout_roguey, enter_trove_6, serial_shops, nicolae_shop_waterfront,
          uniq_gastronok, uniq_urug
Temple:   minmay_temple_bridge_abc

Skill      XL: |  1  2  3  4  5  6  7  8  9 10 |
---------------+-------------------------------+-----
Necromancy     | 5 6 7 8 9 |  9.6
Spellcasting   | 2 3 4 5 6 7 |  7.7
Dodging        | 3 5 |  5.9
Stealth        | 3 |  3.0
Armour         | 1 2 3 |  3.3
Axes           | 1 3 4 5 |  5.8
Evocations     | 4 |  4.3
Fighting       | 1 2 |  2.6
Long Blades    | 1 |  1.2
Unarmed Combat | |  0.8

Action                   |  1- 3 |  4- 6 |  7- 9 | 10-12 || total
-------------------------+-------+-------+-------+-------++-------
Melee: Unarmed           |    49 |   115 |       |       ||   164
       Punch             |       |     1 |       |       ||     1
       Hand axe          |       |    40 |    62 |       ||   102
       War axe           |       |       |   230 |     7 ||   237
       Falchion          |       |       |       |    60 ||    60
       Battleaxe         |       |       |       |    24 ||    24
 Cast: Pain              |    39 |    92 |   114 |     2 ||   247
       Vampiric Draining |     2 |    41 |    75 |     9 ||   127
       Animate Dead      |       |       |    10 |       ||    10
 Abil: Heal Wounds       |       |     1 |     3 |     2 ||     6
Evoke: Wand              |       |       |    29 |     2 ||    31
  Use: Scroll            |     3 |     8 |     8 |     3 ||    22
       Potion            |       |       |     3 |     1 ||     4
 Stab: Sleeping          |       |       |     3 |     1 ||     4
Armor: Robe              |    12 |    37 |       |       ||    49
       Leather armour    |       |     7 |   141 |    29 ||   177
Dodge: Dodged            |    43 |   161 |   340 |    89 ||   633
Block: Other             |       |       |       |    13 ||    13
       Reflection        |       |       |       |     1 ||     1
       Rpst.: Falchion   |       |       |       |    16 ||    16
